 Dungeon Crawl Stone Soup version 0.30-a0-760-g5a9884bb7c (webtiles) character file.

Game seed: 5430070014770981868

2706 pokeman the Thaumaturge (level 9, -10/48 HPs)
             Began as a Deep Elf Hedge Wizard on Feb 12, 2023.
             Was a Believer of Vehumet.
             Mangled by a gargoyle
             ... wielding a +0 flail
              (18 damage)
             ... in a bailey.
             The game lasted 00:20:11 (8313 turns).

pokeman the Thaumaturge (Deep Elf Hedge Wizard)     Turns: 8313, Time: 00:20:12

Health: -10/48     AC:  3    Str:  7    XL:     9   Next: 39%
Magic:  15/26      EV: 13    Int: 30    God:    Vehumet [**....]
Gold:   449        SH:  0    Dex: 14    Spells: 12/31 levels left

rFire   . . .      SeeInvis .    y - +2 dagger (elec)
rCold   + . .      Faith    .    (no shield)
rNeg    . . .      Spirit   .    u - +1 robe of the World {rC+}
rPois   .          Reflect  .    c - +0 hat
rElec   .          Harm     .    (no cloak)
rCorr   .          Rampage  .    (no gloves)
Will    .....                    (no boots)
Stlth   ++                       (no amulet)
HPRegen 0.28/turn                q - ring of flight
MPRegen 0.20/turn                b - +6 ring of intelligence

@: flying
A: no striking features
a: Renounce Religion


You were in a bailey.
You worshipped Vehumet.
Vehumet was pleased with you.
You visited 2 branches of the dungeon, and saw 9 of its levels.
You also visited: Bailey.

You collected 449 gold pieces.

Inventory:

Hand Weapons
 y - a +2 dagger of electrocution (weapon)
 C - the +6 whip of Awkwardness {holy, *Noise Fly rF+ Str+2}
   (You found it on level 6 of the Dungeon)

   Str:       It affects your strength (+2).
   rF:        It protects you from fire.
   Fly:       It grants you flight.
   *Noise:    It may make noises in combat.
Armour
 c - a +0 hat (worn)
 f - a +0 buckler
 u - the +1 robe of the World (worn) {rC+}
   (You found it on level 3 of the Dungeon)

   rC:        It protects you from cold.
 K - +0 steam dragon scales
 L - the +2 leather armour of Kykhisie {Dex+5}
   (You found it in a bailey)

   Dex:       It affects your dexterity (+5).
Magical Staves
 w - a staff of conjuration
 J - a staff of air
Jewellery
 b - a +6 ring of intelligence (right hand)
 l - an amulet of guardian spirit
 q - a ring of flight (left hand)
 G - a ring of protection from cold
Wands
 A - a wand of acid (8)
 B - a wand of flame (12)
Scrolls
 a - 2 scrolls of vulnerability {unknown}
 e - 8 scrolls of identify {unknown}
 g - 4 scrolls of teleportation {unknown}
 i - 2 scrolls of enchant weapon {unknown}
 m - a scroll of acquirement {unknown}
 o - 2 scrolls of noise {unknown}
 r - 4 scrolls of torment {unknown}
 s - a scroll of immolation {unknown}
 v - 2 scrolls of fear {unknown}
 E - a scroll of poison {unknown}
 H - a scroll of amnesia {unknown}
Potions
 d - 4 potions of magic
 h - 3 potions of brilliance {unknown}
 j - 2 potions of might {unknown}
 k - 11 potions of curing {unknown}
 n - 2 potions of flight {unknown}
 p - 4 potions of heal wounds {unknown}
 t - a potion of mutation {unknown}
 x - a potion of cancellation {unknown}
 z - a potion of degeneration {unknown}
 D - a potion of haste {unknown}
 F - a potion of ambrosia {unknown}
 I - a potion of attraction {unknown}


   Skills:
 - Level 2.0 Fighting
 + Level 2.0 Armour
 - Level 3.1 Dodging
 - Level 3.1 Stealth
 - Level 3.0 Shields
 * Level 11.5 Spellcasting
 + Level 6.2 Conjurations
 - Level 3.0 Summonings
 - Level 1.1 Translocations
 - Level 1.1 Air Magic
 + Level 4.1 Earth Magic
 - Level 1.1 Poison Magic
 - Level 1.3 Evocations


You had 12 spell levels left.
You knew the following spells:

 Your Spells              Type           Power      Damage    Failure   Level
a - Magic Dart            Conj           100%       1d8       1%          1
b - Mephitic Cloud        Conj/Pois/Air  34%        N/A       2%          3
c - Call Imp              Summ           35%        N/A       1%          2
d - Blink                 Tloc           46%        N/A       3%          2
e - Iskenderun's Battles  Conj           53%        2d10      6%          5
f - Iron Shot             Conj/Erth      24%        9d5       50%         6

Your spell library contained the following spells:

 Spells                   Type           Power      Damage    Failure   Level
 Momentum Strike          Conj/Tloc      78%        3d10      1%          2
 Slow                     Hex            68%        N/A       3%          1
 Cigotuvi's Dreadful Rot  Necr/Pois/Air  44%        N/A       3%          2
 Summon Guardian Golem    Hex/Summ       26%        N/A       4%          3
 Gell's Gravitas          Tloc           23%        N/A       6%          3
 Teleport Other           Tloc           23%        N/A       6%          3
 Orb of Destruction       Conj           26%        9d9       89%         7
 Dispersal                Tloc           11%        N/A       96%         6
 Spellforged Servitor     Conj/Summ      22%        N/A       98%         7


Dungeon Overview and Level Annotations

Branches:
Dungeon (8/15)             Temple (1/1) D:4          Bailey (1/1)
   Lair: D:8-11

Altars:
Ashenzari
Cheibriados
Dithmenos
Elyvilon
Fedhas
Gozag
Hepliaklqana
Kikubaaqudgha
Makhleb
Nemelex Xobeh
Okawaru
Qazlal
Ru
Trog
Vehumet
Wu Jian
Xom
Yredelemnul
Zin
The Shining One

Shops:
D:4 [   D:5 ::

Annotations:
D:3 2 transporters, purpskrrrp's ghost, amateur VSBr
D:6 Loot behind flames
D:7 2 transporters, MachoJfn's ghost, novice DsGl


Message History

The gargoyle barely misses you.
Casting: Magic Dart (safe; 1% risk of failure)
Confirm with . or Enter, or press ? or * to list all spells.
Aiming: Magic Dart (safe; 1% risk of failure)
Press: ? - help, Shift-Dir - straight line, f/p - gargoyle
Aim: a gargoyle, wielding a +0 flail (severely damaged, ally target, 100% to hit)
The magic dart hits the gargoyle but does no damage.
The gargoyle is severely damaged.
Your battlesphere fires!
The barrage of energy hits the gargoyle but does no damage.
The gargoyle is severely damaged.
The gargoyle hurls a stone arrow at you.
The stone arrow hits you!
Casting: Magic Dart (safe; 1% risk of failure)
Confirm with . or Enter, or press ? or * to list all spells.
Aiming: Magic Dart (safe; 1% risk of failure)
Press: ? - help, Shift-Dir - straight line, f/p - gargoyle
Aim: a gargoyle, wielding a +0 flail (severely damaged, ally target, 100% to hit)
The magic dart hits the gargoyle but does no damage.
The gargoyle is severely damaged.
Your battlesphere fires!
The barrage of energy hits the gargoyle but does no damage.
The gargoyle is severely damaged.
The gargoyle closely misses you.
Casting: Magic Dart (safe; 1% risk of failure)
Confirm with . or Enter, or press ? or * to list all spells.
Aiming: Magic Dart (safe; 1% risk of failure)
Press: ? - help, Shift-Dir - straight line, f/p - gargoyle
Aim: a gargoyle, wielding a +0 flail (severely damaged, ally target, 100% to hit)
The magic dart hits the gargoyle but does no damage.
The gargoyle is severely damaged.
Your battlesphere fires!
The barrage of energy hits the gargoyle but does no damage.
The gargoyle is severely damaged.
The gargoyle hurls a stone arrow at you.
The stone arrow hits you!!
Ouch! That really hurt!
* * * LOW HITPOINT WARNING * * *
The gargoyle attacks as you move away! The gargoyle hits you with a +0 flail!!
You die...

#####.÷.)..###
#..#8..#####..#..
+..#.......##'#.)
+..#.............
#..#.............
##..#...♣.....♣...
##...#...♣.....♣...
###..*.##...♣........
#8..@...##....♣......
#..9##)).##...♣......
#..##....#........♣..
#..#.).)##..........♣
#..#...##............
#..#......######...♣.
#..#......# #.....
#.8#8.....# #.....
########++### #.....


You could see a gargoyle (ally target) and a friendly battlesphere.

Vanquished Creatures
  Sigmund (D:6)
  A steam dragon (D:8)
  Menkaure (D:6)
  An orc warrior (D:7)
  A black bear (D:5)
  2 ogres
  2 sky beasts
  A centaur (D:5)
  A phantom (D:7)
  2 bullfrogs
  A gnoll sergeant (D:7)
  8 vampire bats (Bailey)
  6 wolf zombies (Bailey)
  3 orc priests
  A jelly (D:6)
  6 hounds
  An iguana (D:5)
  5 orc wizards
  11 gnolls
  5 adders
  An ufetubus (D:6)
  2 worms (D:3)
  3 dart slugs
  26 orcs
  6 endoplasms
  4 giant cockroaches
  6 goblins
  A hobgoblin (D:3)
  10 jackals
  3 kobolds
  4 quokkas
  4 ball pythons
  4 bats
  4 frilled lizards
  15 orc zombies (Bailey)
  4 rats
157 creatures vanquished.

Vanquished Creatures (collateral kills)
  A necrophage (D:7)
  An orc wizard (D:8)
  A gnoll (D:8)
  2 orcs (D:8)
5 creatures vanquished.

Grand Total: 162 creatures vanquished

Notes
Turn   | Place    | Note
-------+----------+-------------------------------------------
     0 | D:1      | pokeman the Deep Elf Hedge Wizard began the quest for the
                  | Orb.
     0 | D:1      | Reached XP level 1. HP: 10/10 MP: 7/7
   565 | D:1      | Reached XP level 2. HP: 16/16 MP: 7/9
  1281 | D:2      | Reached skill level 5 in Spellcasting
  1419 | D:2      | Reached XP level 3. HP: 20/20 MP: 7/11
  1423 | D:2      | Learned a level 3 spell: Mephitic Cloud
  1426 | D:2      | Learned a level 2 spell: Call Imp
  1429 | D:2      | Learned a level 2 spell: Blink
  2262 | D:3      | Reached skill level 1 in Fighting
  2262 | D:3      | Reached skill level 1 in Armour
  2262 | D:3      | Reached XP level 4. HP: 16/25 MP: 5/13
  2447 | D:3      | Found a faded altar of an unknown god.
  2468 | D:3      | Noticed an ogre
  2469 | D:3      | Found a transporter.
  2469 | D:3      | Found a transporter.
  2470 | D:3      | Noticed purpskrrrp's ghost (amateur VSBr)
  2471 | D:3      | Noticed an ogre
  2559 | D:3      | Identified the +1 robe of the World {rC+}
  2851 | D:3      | Found an ancient bone altar of Kikubaaqudgha.
  2939 | D:4      | Noticed an ogre
  2949 | D:4      | Killed an ogre
  2950 | D:4      | Reached skill level 1 in Shields
  2950 | D:4      | Reached skill level 6 in Spellcasting
  2950 | D:4      | Reached XP level 5. HP: 29/29 MP: 4/15
  3322 | D:4      | Found a staircase to the Ecumenical Temple.
  3330 | Temple   | Entered the Ecumenical Temple
  3388 | Temple   | Became a worshipper of Vehumet
  3442 | D:4      | Found a white marble altar of Elyvilon.
  3448 | D:4      | Found Emicastro's Antique Armour Emporium.
  3568 | D:5      | Entered Level 5 of the Dungeon
  3602 | D:5      | Reached XP level 6. HP: 34/34 MP: 7/17
  3714 | D:5      | Found Toipes's Book Shop.
  3733 | D:5      | Reached skill level 7 in Spellcasting
  3733 | D:5      | Reached skill level 1 in Poison Magic
  3979 | D:5      | Found Kiadone's Tremendous Tomes.
  4058 | D:5      | Identified the +0 plate armour of Wrong Decisions {Int+2}
  4166 | D:5      | Reached * piety under Vehumet
  4166 | D:5      | Offered knowledge of Kiss of Death by Vehumet.
  4234 | D:5      | Reached skill level 1 in Air Magic
  4234 | D:5      | Reached skill level 1 in Evocations
  4234 | D:5      | Reached XP level 7. HP: 38/38 MP: 17/20
  4709 | D:5      | Found a glowing silver altar of Zin.
  4715 | D:5      | Found a hazy altar of Hepliaklqana.
  4720 | D:5      | Found a basalt altar of Yredelemnul.
  4759 | D:6      | Noticed Sigmund
  4767 | D:6      | Killed Sigmund
  4767 | D:6      | Noticed Menkaure
  4768 | D:6      | Reached skill level 8 in Spellcasting
  4774 | D:6      | Killed Menkaure
  4843 | D:6      | Learned a level 5 spell: Iskenderun's Battlesphere
  4850 | D:6      | Learned a level 6 spell: Iron Shot
  4975 | D:6      | Reached XP level 8. HP: 40/44 MP: 11/22
  5073 | D:6      | Reached skill level 1 in Earth Magic
  5144 | D:6      | Reached skill level 9 in Spellcasting
  5144 | D:6      | Identified the +6 whip of Awkwardness {holy, *Noise Fly rF+
                  | Str+2}
  5172 | D:6      | Found a sacrificial altar of Ru.
  6118 | D:7      | Reached skill level 5 in Conjurations
  6275 | D:7      | Reached skill level 10 in Spellcasting
  6459 | D:7      | Found an ornate altar of the Wu Jian Council.
  6690 | D:7      | Found a transporter.
  6826 | D:7      | Noticed MachoJfn's ghost (novice DsGl)
  6836 | D:7      | Found a transporter.
  7141 | D:8      | Noticed a troll
  7195 | D:8      | Reached XP level 9. HP: 42/48 MP: 13/25
  7318 | D:8      | Found a flagged portal.
  7353 | Bailey   | Entered a bailey
  7383 | Bailey   | Offered knowledge of Momentum Strike by Vehumet.
  7386 | Bailey   | Reached ** piety under Vehumet
  7396 | Bailey   | Reached skill level 11 in Spellcasting
  8085 | Bailey   | Identified the +2 leather armour of Kykhisie {Dex+5}
  8303 | Bailey   | Noticed a gargoyle
  8313 | Bailey   | Mangled by a gargoyle

Illustrated notes

Levels and vault maps discovered:
D:1:      kilobyte_arrival_exit_the_forest, layout_loops_cross
D:2:      layout_rooms, grunt_decor_junction, hangedman_decor_clover_reticule,
          grunt_decor_one_mirror, hangedman_decor_diamond_cutter
D:3:      layout_rooms, mainiacjoe_overflow_alcove_4, basic_ecumenical_altar,
          gammafunk_ghost_smash
D:4:      layout_rooms, overflow_temple_1_default, minmay_temple_entry_tees,
          serial_shops, nicolae_shop_window_shopping, hangedman_decor_points
D:5:      layout_rooms, minmay_overflow_temple_star_quad, serial_shops, shop,
          serial_co_window_serial, co_window_corner_a,
          co_window_of_opportunity_a, co_window_paths_b, co_window_paths_a,
          co_window_corner_a, co_window_paths_a, co_window_corner_a,
          co_window_paths_a, co_window_paths_b, co_window_corner_b,
          co_window_2corner, co_window_corner_b, co_window_2corner,
          co_window_broadway_b, glass_columns_c, glass_columns_b,
          glass_columns_c, kb_lookout_dungeons_type,
          nicolae_shop_i_like_big_books, hangedman_abyss_or_decor_passed
D:6:      layout_basic, overflow_temple_1_default, lemuel_flame_loot_1,
          uniq_menkaure, uniq_sigmund
D:7:      layout_loops_corners, nicolae_wu_jian_wuxing_cycle,
          gammafunk_ghost_stat_death, grunt_decor_mini_mirrors
D:8:      layout_rooms, lemuel_tele_altar, enter_bailey_2, serial_shops, shop
Temple:   nicolae_temple_god_jail
Bailey:   bailey_polearm_vampire_castle_hellmonk, bailey

Skill      XL: |  1  2  3  4  5  6  7  8  9 |
---------------+----------------------------+-----
Spellcasting   | 5 6 7 8 10 11 | 11.5
Fighting       | 1 2 |  2.0
Armour         | 1 2 |  2.0
Conjurations   | 2 3 4 5 6 |  6.2
Dodging        | 3 |  3.1
Shields        | 1 2 3 |  3.0
Stealth        | 3 |  3.1
Poison Magic   | 1 |  1.1
Air Magic      | 1 |  1.1
Evocations     | 1 |  1.3
Summonings     | 2 3 |  3.0
Earth Magic    | 3 4 |  4.1
Translocations | |  1.1

Action                     |  1- 3 |  4- 6 |  7- 9 || total
---------------------------+-------+-------+-------++-------
  Melee: Dagger            |    11 |    22 |    64 ||    97
         Punch             |     1 |       |     2 ||     3
   Cast: Magic Dart        |   109 |    91 |   181 ||   381
         Mephitic Cloud    |       |     6 |    22 ||    28
         Call Imp          |       |       |     5 ||     5
         Iskenderun's Batt |       |       |    11 ||    11
   Stab: Confused          |       |     2 |    10 ||    12
 Armour: Robe              |     6 |     2 |    16 ||    24
  Dodge: Dodged            |    24 |    19 |    80 ||   123

Table legend: (Time is in decaauts)
 A = Elapsed time spent in this place.
 B = Non-inter-level travel time spent in this place.
 C = Inter-level travel time spent in this place.
 D = Time resting spent in this place.
 E = Time spent auto-exploring this place.
 F = Levels seen in this place.
 G = Mean time per level.
                   A        B        C        D        E       F      G
               +--------+--------+--------+--------+--------+-----+--------+
         Total |   8310 |   8049 |    261 |    737 |   5974 |  10 |  831.0 |
       Dungeon |   7276 |   7030 |    246 |    122 |   5805 |   8 |  909.5 |
        Temple |     74 |     59 |     15 |      0 |     47 |   1 |   74.0 |
        Bailey |    959 |    959 |      0 |    615 |    122 |   1 |  959.0 |
               +--------+--------+--------+--------+--------+-----+--------+

Top non-repeatable levels by time:
     D:7: 1246 daAuts
     D:5: 1190 daAuts
     D:6: 1104 daAuts
     D:1: 1069 daAuts
     D:2: 1006 daAuts
  Bailey: 959 daAuts
     D:3: 860 daAuts
     D:4: 556 daAuts
     D:8: 242 daAuts
  Temple: 74 daAuts
